 Dungeon Crawl Stone Soup version 0.28-a0-119-ga52ba8600a (webtiles) character file.

Game seed: 15795278357697370289

9882 Veldoneri the Cleaver (level 11, 100/100 HPs)
             Began as a Hill Orc Fighter on Apr 11, 2021.
             Was an Elder of Okawaru.
             Quit the game on level 11 of the Dungeon on Aug 14, 2021.
             The game lasted 00:45:42 (17148 turns).

Veldoneri the Cleaver (Hill Orc Fighter)           Turns: 17148, Time: 00:45:43

Health: 100/100    AC: 18    Str: 23    XL:     11   Next: 53%
Magic:  11/11      EV: 10    Int:  8    God:    Okawaru [****..]
Gold:   719        SH:  0    Dex: 15    Spells: 10/10 levels left

rFire   x x .      SeeInvis .   d - +8 frozen axe "Frostbite" {freezing cloud, *Noise Fly rC+}
rCold   + + +      Faith    .   (shield currently unavailable)
rNeg    + . .      Spirit   .   t - +5 ring mail of the Shore {rPois Dex+3}
rPois   +          Reflect  .   (no helmet)
rElec   .          Harm     .   x - +0 cloak
rCorr   .          Rampage  .   E - +0 pair of gloves
Will    .....                   n - +2 pair of boots
Stlth   +.........              H - amulet "Eqec" {+Blink rF- rC+ Regen+ Dex+2}
HPRegen 1.26/turn               m - ring of ice
MPRegen 0.12/turn               k - ring of positive energy

@: flying
A: no striking features
a: Renounce Religion, Evoke Blink, Heroism


You were on level 11 of the Dungeon.
You worshipped Okawaru.
Okawaru was greatly pleased with you.
You visited 3 branches of the dungeon, and saw 14 of its levels.
You also visited: Ossuary.

You collected 1393 gold pieces.
You spent 674 gold pieces at shops.

Inventory:

Hand Weapons
 a - a +0 war axe
 d - the +8 frozen axe "Frostbite" (weapon) {freezing cloud, *Noise Fly rC+}
   (You acquired it on level 3 of the Dungeon)

   It freezes those it strikes, dealing additional cold damage.
   It can also slow down cold-blooded creatures.
   It occasionally leaves clouds of freezing vapour upon striking a foe.
   It grants immunity to clouds of freezing vapour.
   rC:        It protects you from cold.
   Fly:       It grants you flight.
   *Noise:    It may make noises in combat.
Missiles
 b - 4 throwing nets (quivered)
Armour
 c - a +0 kite shield
 n - a +2 pair of boots (worn)
 t - the +5 ring mail of the Shore (worn) {rPois Dex+3}
   (You took it off an orc on level 7 of the Dungeon)

   Dex:       It affects your dexterity (+3).
   rPois:     It protects you from poison.
 x - a +0 cloak (worn)
 y - +1 steam dragon scales
 E - a +0 pair of gloves (worn)
Jewellery
 j - a ring of willpower
 k - a ring of positive energy (right hand)
 m - a ring of ice (left hand)
 H - the amulet "Eqec" (around neck) {+Blink rF- rC+ Regen+ Dex+2}
   (You bought it in a shop on level 6 of the Dungeon)

   [amulet of regeneration]

   Dex:       It affects your dexterity (+2).
   rF:        It makes you vulnerable to fire.
   rC:        It protects you from cold.
   +Blink:    It lets you blink.
   Regen:     It increases your rate of health regeneration.
Wands
 g - a wand of digging (10)
 i - a wand of polymorph (3)
 q - a wand of flame (13)
 B - a wand of mindburst (14)
Scrolls
 f - a scroll of holy word {unknown}
 h - a scroll of torment {unknown}
 l - 2 scrolls of teleportation
 o - 3 scrolls of enchant weapon
 r - 3 scrolls of identify
 v - 3 scrolls of magic mapping
 C - a scroll of fear
Potions
 e - 3 potions of magic
 p - a potion of invisibility
 u - 4 potions of curing
 w - 2 potions of heal wounds
 A - a potion of berserk rage
 F - a potion of might


   Skills:
 + Level 10.2 Fighting
 * Level 14.2 Axes
 + Level 9.4 Armour
 + Level 9.4 Shields


You had 10 spell levels left.
You didn't know any spells.
Your spell library contained the following spells:

 Spells                   Type           Power      Damage    Failure   Level
 Beastly Appendage        Tmut           0%         N/A       54%         1
 Corona                   Hex            0%         N/A       54%         1
 Sandblast                Erth           0%         2d4       54%         1
 Ensorcelled Hibernation  Hex/Ice        0%         N/A       67%         2
 Passwall                 Tmut/Erth      0%         N/A       67%         2
 Wereblood                Tmut           0%         N/A       67%         2
 Confusing Touch          Hex            0%         N/A       88%         3
 Dazzling Flash           Conj/Hex       0%         N/A       88%         3
 Spider Form              Tmut/Pois      0%         N/A       88%         3
 Stone Arrow              Conj/Erth      0%         3d7       88%         3
 Tukima's Dance           Hex            0%         N/A       88%         3
 Ice Form                 Ice/Tmut       0%         N/A       99%         4
 Petrify                  Tmut/Erth      0%         N/A       99%         4
 Lee's Rapid Deconstruct  Erth           0%         3d5*      100%        5


Dungeon Overview and Level Annotations

Branches:
Dungeon (12/15)            Temple (1/1) D:6            Lair (1/6) D:10
    Orc (0/2) D:11        Ossuary (visited)

Altars:
Ashenzari
Cheibriados
Dithmenos
Elyvilon
Fedhas
Gozag
Hepliaklqana
Kikubaaqudgha
Makhleb
Nemelex Xobeh
Okawaru
Qazlal
Ru
Sif Muna
Trog
Uskayaw
Vehumet
Wu Jian
Xom
Yredelemnul
Zin
The Shining One

Shops:
D:6 =


Message History

You barely miss the wraith. You hit something. You freeze something.
Something hits you but does no damage. Something hits you!
The wraith closely misses you. Something hits you. The wraith hits you.
The wraith drains your vigour!
You feel as though you will be slow longer.
Something hits you but does no damage.
You slash the wraith! You freeze the wraith.
The wraith is moderately damaged.
You slice something!! You freeze something. Okawaru accepts your kill.
Reactivating autopickup.
You feel a bit more experienced. The wraith closely misses you.
The wraith hits you but does no damage.
You slice the wraith!! You freeze the wraith.
You destroy the wraith!
Okawaru accepts your kill.
Found a scroll labelled IKKACZ ANOZ.
g - a wand of digging (10) (gained 3 charges)
You feel yourself speed up.
h - a scroll labelled IKKACZ ANOZ
There is a stone staircase leading down here.
There is a stone staircase leading up here.
There is a stone staircase leading up here.
You fly upwards.
There is a stone staircase leading down here.
You see here 2 potions of brilliance.
You see here 19 stones.
There is a large open door here.
Things that are here:
10 arrows; a +0 shortbow; a centaur skeleton
There is a large open door here.
There is a staircase to the Orcish Mines here.
Save game and exit?
Welcome back, Veldoneri the Hill Orc Fighter.
Okawaru says: Bring me glory in combat!
Press ? for a list of commands and other information.
Okay, then.
There is a staircase to the Orcish Mines here.
There is a staircase to the Orcish Mines here.
Are you sure you want to abandon this character and quit the game? (Confirm with "yes".)

##...###.## ####
##..........
##....##..# ##..##
#..........
#........## #....#
##......(..
####.........###..(.##
#.........
.........###..#......#
##........ .........#
##........## #........
........## ##........#
##.....## ........#
#........## ##.####
..##...## #..@......#
### .#######
#.........# ##
#.........##
#..........#
#..........#
##.........#
#.>.......##
##....###..## # ######
##..## ###


There were no monsters in sight!

Vanquished Creatures
  Harold (D:7)
  A hydra (D:10)
  A two-headed ogre (D:9)
  A manticore (D:11)
  Maggie (D:8)
  2 unseen horrors
  A kobold demonologist (D:11)
  Prince Ribbit (D:7)
  A yak (D:10)
  A wraith (D:12)
  An acid dragon (D:10)
  2 water moccasins
  An orc warrior (D:9)
  2 hornet zombies
  A black bear (D:4)
  An ice beast (D:7)
  A sky beast (D:7)
  2 necrophages
  8 centaurs
  2 elf zombies (Ossuary)
  2 gnoll sergeants
  A kobold brigand (D:4)
  2 bullfrogs
  2 scorpions
  A wyvern zombie (D:3)
  4 killer bees (D:10)
  18 wights
  5 howler monkeys
  A bullfrog zombie (D:6)
  8 centaur zombies
  3 jellies
  Crazy Yiuf (D:7)
  7 human zombies (Ossuary)
  2 orc priests
  2 centaur skeletons
  3 hounds
  Natasha (thrice) (D:2)
  5 orc wizards
  A killer bee zombie (D:9)
  2 hound zombies (D:5)
  A hound skeleton (D:5)
  3 mummies (Ossuary)
  11 gnolls
  A howler monkey zombie (D:9)
  7 adders
  A white imp (D:5)
  An ufetubus (D:5)
  2 worms (D:3)
  2 dart slugs (D:4)
  18 orcs
  4 bats
  2 endoplasms
  4 giant cockroaches
  4 goblins
  10 hobgoblins
  7 jackals
  2 quokkas (D:1)
  8 ball pythons
  4 frilled lizards
  8 kobolds
  3 rats
208 creatures vanquished.

Vanquished Creatures (others)
  7 plants
7 creatures vanquished.

Grand Total: 215 creatures vanquished

Notes
Turn   | Place    | Note
-------+----------+-------------------------------------------
     0 | D:1      | Veldoneri the Hill Orc Fighter began the quest for the Orb.
     0 | D:1      | Reached XP level 1. HP: 19/19 MP: 1/1
    23 | D:1      | Reached skill level 3 in Axes
    28 | D:1      | Reached XP level 2. HP: 20/27 MP: 2/2
   478 | D:1      | Reached XP level 3. HP: 25/33 MP: 3/3
   789 | D:2      | Noticed Natasha
  1300 | D:2      | Killed Natasha
  1301 | D:2      | Reached skill level 4 in Axes
  1301 | D:2      | Reached XP level 4. HP: 23/40 MP: 4/4
  1417 | D:2      | Noticed Natasha
  1424 | D:2      | Killed Natasha
  1677 | D:2      | Noticed Natasha
  1683 | D:2      | Killed Natasha
  1929 | D:3      | Reached XP level 5. HP: 47/47 MP: 5/5
  1985 | D:3      | Reached skill level 5 in Axes
  3333 | D:4      | Noticed a kobold brigand
  3352 | D:4      | Reached XP level 6. HP: 39/53 MP: 6/6
  3372 | D:3      | HP: 1/79 [gnoll sergeant/+0 spear (6)]
  3766 | D:3      | Identified a scroll of acquirement
  3766 | D:3      | Acquired the +8 frozen axe "Frostbite" {freezing cloud,
                  | *Noise Fly rC+}
  3767 | D:3      | Found the +8 frozen axe "Frostbite" {freezing cloud, *Noise
                  | Fly rC+}
  4461 | D:4      | Noticed a black bear
  4465 | D:4      | Noticed a necrophage
  4466 | D:4      | Killed a black bear
  4467 | D:4      | Reached skill level 5 in Fighting
  4467 | D:4      | Reached skill level 6 in Axes
  4473 | D:4      | Killed a necrophage
  4474 | D:4      | Reached XP level 7. HP: 50/61 MP: 7/7
  4631 | D:4      | Reached skill level 5 in Shields
  4794 | D:4      | Reached skill level 5 in Armour
  4942 | D:4      | Reached skill level 7 in Axes
  5184 | D:5      | Entered Level 5 of the Dungeon
  5400 | D:5      | Reached XP level 8. HP: 70/70 MP: 8/8
  5451 | D:5      | Reached skill level 8 in Axes
  5986 | D:6      | Found a staircase to the Ecumenical Temple.
  6452 | D:6      | Found a sand-covered staircase.
  6458 | Ossuary  | Entered an ossuary
  6599 | Ossuary  | Reached skill level 9 in Axes
  6763 | Ossuary  | Reached XP level 9. HP: 67/78 MP: 9/9
  9695 | D:6      | Found Yprakh's Jewellery Shoppe.
 10254 | Temple   | Entered the Ecumenical Temple
 10557 | Temple   | Became a worshipper of Warmaster Okawaru
 11407 | D:7      | Noticed Prince Ribbit
 11416 | D:7      | Killed Prince Ribbit
 11417 | D:7      | Reached skill level 10 in Axes
 12055 | D:7      | Reached * piety under Okawaru
 12075 | D:7      | Identified the +5 ring mail of the Shore {rPois Dex+3}
 12132 | D:7      | Noticed Harold
 12140 | D:7      | Killed Harold
 12141 | D:7      | Reached skill level 11 in Axes
 12303 | D:7      | Reached ** piety under Okawaru
 12304 | D:7      | Reached XP level 10. HP: 66/88 MP: 10/10
 12595 | D:7      | Found a runed translucent door.
 12596 | D:7      | Noticed Crazy Yiuf
 12601 | D:7      | Killed Crazy Yiuf
 12801 | D:8      | Found a white marble altar of Elyvilon.
 13318 | D:8      | Found an opulent altar of Gozag.
 13318 | D:8      | Found a blossoming altar of Fedhas.
 13320 | D:8      | Found a glowing silver altar of Zin.
 13324 | D:8      | Found a glowing golden altar of the Shining One.
 13361 | D:8      | Reached skill level 12 in Axes
 13558 | D:8      | Found a shimmering blue altar of Sif Muna.
 13559 | D:8      | Noticed Maggie
 13573 | D:8      | Killed Maggie
 14030 | D:9      | Reached *** piety under Okawaru
 14498 | D:9      | Noticed a two-headed ogre
 14505 | D:9      | Killed a two-headed ogre
 14828 | D:10     | Entered Level 10 of the Dungeon
 14828 | D:10     | Found a staircase to the Lair.
 14849 | D:10     | Reached skill level 13 in Axes
 14905 | D:10     | Reached **** piety under Okawaru
 14987 | D:10     | Reached XP level 11. HP: 97/97 MP: 11/11
 14997 | D:10     | Found a bloodstained altar of Trog.
 15904 | Lair:1   | Entered Level 1 of the Lair of Beasts
 15904 | Lair:1   | Noticed a five-headed hydra
 16152 | D:11     | Noticed a manticore
 16159 | D:11     | Killed a manticore
 16298 | D:6      | Bought the amulet "Eqec" {+Blink rF- rC+ Regen+ Dex+2} for
                  | 674 gold pieces
 16434 | D:10     | Killed an eight-headed hydra
 16492 | D:11     | Reached skill level 10 in Fighting
 16515 | D:11     | Reached skill level 14 in Axes
 16708 | D:11     | Found a staircase to the Orcish Mines.
 16887 | D:11     | Acquired 669 gold pieces
 16901 | D:11     | Upgraded the game from 0.27-a0-951-gae3e1deef5 to
                  | 0.27-a0-1228-gfd60fd639a
 17135 | D:11     | Upgraded the game from 0.27-a0-1228-gfd60fd639a to
                  | 0.28-a0-119-ga52ba8600a
 17148 | D:11     | Quit the game

Illustrated notes

Levels and vault maps discovered:
D:1:      ncdulo_smallfort, layout_rooms
D:2:      cheibrodos_old_hovel, layout_loops_ring, serial_glass,
          glass_columns_a, glass_columns_a, corexii_item_surrounded_by_moat,
          uniq_natasha
D:3:      layout_loops_corners
D:4:      layout_loops_ring, serial_bayou_pond_b
D:5:      layout_basic
D:6:      layout_gridville, minmay_temple_entry_mist,
          nicolae_ossuary_entry_plus, serial_shops,
          nicolae_shop_temple_entry_statues_fountains
D:7:      layout_cave_pools, uniq_crazy_yiuf_cottage, uniq_prince_ribbit1,
          uniq_harold
D:8:      layout_cave_pods, elyvilon_altar_1, minitemple, amcnicky_altar_gilded,
          hangedman_decor_riveting, uniq_maggie
D:9:      layout_irregular_city, mumra_transporter_accident
D:10:     layout_cave_pools, nicolae_overflow_hidden_temple, lair_entry_dummy,
          kennysheep_decorative_pillar
D:11:     layout_cave_pods, orc_0_dummy, kennysheep_generic_room_3
D:12:     layout_rooms
Temple:   regret_index_temple_generic_petals
Lair:1:   layout_chaotic_city, gammafunk_ghost_hydra_chop, serial_bayou_shore_a

Skill      XL: |  1  2  3  4  5  6  7  8  9 10 11 |
---------------+----------------------------------+-----
Axes           | 3 4 5 6 7 9 11 13 14 | 14.2
Fighting       | 4 5 6 8 9 10 | 10.2
Armour         | 4 5 6 7 8 9 |  9.4
Shields        | 4 5 6 7 8 9 |  9.4

Action                   |  1- 3 |  4- 6 |  7- 9 | 10-12 || total
-------------------------+-------+-------+-------+-------++-------
Melee: War axe           |    82 |    98 |       |       ||   180
       Executioner's axe |       |    14 |   172 |   125 ||   311
Invok: Heroism           |       |       |       |     5 ||     5
Evoke: Wand              |       |       |       |     6 ||     6
  Use: Potion            |       |     5 |     6 |     1 ||    12
       Scroll            |       |     5 |     7 |     5 ||    17
Armor: Scale mail        |    56 |    53 |   104 |       ||   213
       Ring mail         |       |       |     1 |   166 ||   167
Dodge: Dodged            |    41 |    31 |   108 |   122 ||   302
Block: Kite shield       |    58 |    58 |       |       ||   116

Table legend: (Time is in decaauts)
 A = Elapsed time spent in this place.
 B = Non-inter-level travel time spent in this place.
 C = Inter-level travel time spent in this place.
 D = Time resting spent in this place.
 E = Time spent auto-exploring this place.
 F = Levels seen in this place.
 G = Mean time per level.
                   A        B        C        D        E       F      G
               +--------+--------+--------+--------+--------+-----+--------+
         Total |  17412 |  15663 |   1749 |   6711 |   6980 |  15 | 1160.8 |
       Dungeon |  13871 |  12241 |   1630 |   3793 |   6681 |  12 | 1155.9 |
        Temple |    390 |    271 |    119 |      0 |    267 |   1 |  390.0 |
          Lair |      4 |      4 |      0 |      0 |      0 |   1 |    4.0 |
       Ossuary |   3146 |   3146 |      0 |   2918 |     32 |   1 | 3146.0 |
               +--------+--------+--------+--------+--------+-----+--------+

Top non-repeatable levels by time:
 Ossuary: 3146 daAuts
     D:6: 2391 daAuts
     D:3: 2259 daAuts
     D:8: 1349 daAuts
     D:4: 1079 daAuts
     D:7: 1065 daAuts
     D:9: 1062 daAuts
    D:10: 1038 daAuts
     D:1: 1011 daAuts
     D:2: 975 daAuts
    D:11: 816 daAuts
     D:5: 715 daAuts
  Temple: 390 daAuts
    D:12: 106 daAuts
  Lair:1: 4 daAuts
